 Dungeon Crawl Stone Soup version 0.18.1-50-g88ac8fd (webtiles) character file.

184 Christof the Covered (level 5, -17/47 HPs)
             Began as a Minotaur Fighter on Sept 28, 2016.
             Demolished by Wanze's ghost (19 damage)
             ... on level 3 of the Dungeon.
             The game lasted 00:07:51 (2148 turns).

Christof the Covered (Minotaur Fighter)             Turns: 2148, Time: 00:07:52

Health: -17/47     AC:  8    Str: 21    XL:     5   Next: 36%
Magic:  4/4        EV:  7    Int:  6    God:
Gold:   150        SH:  9    Dex:  9    Spells: 0 memorised, 4 levels left

rFire  . . .     SeeInvis .     m - +0 mace (holy)
rCold  . . .     Gourm    .     b - +0 scale mail
rNeg   . . .     Faith    .     c - +0 shield
rPois  .         Spirit   .     (helmet restricted)
rElec  .         Dismiss  .     (no cloak)
rCorr  .         Reflect  .     t - +0 pair of gloves
SustAt .         Harm     .     (no boots)
MR     .....                    (no amulet)
Stlth  ..........               (no ring)
                                (no ring)

@: not resistant to hostile enchantments, extremely unstealthy
A: retaliatory headbutt, horns 2
a: no special abilities


You were on level 3 of the Dungeon.
You were not hungry.

You visited 1 branch of the dungeon, and saw 3 of its levels.

You collected 150 gold pieces.

Inventory:

Hand Weapons
 a - a +0 flail
 m - a +0 mace of holy wrath (weapon)
Armour
 b - a +0 scale mail (worn)
 c - a +0 shield (worn)
 t - a +0 pair of gloves (worn)
Jewellery
 r - an uncursed amulet of the gourmand {unknown}
 u - an uncursed amulet of regeneration {unknown}
 v - an uncursed ring of see invisible {unknown}
Wands
 q - a wand of teleportation (4/9)
Scrolls
 e - 3 scrolls of identify {unknown}
 i - a scroll of fog {unknown}
 j - a scroll of enchant armour {unknown}
 l - a scroll of teleportation {unknown}
 n - a scroll of enchant weapon {unknown}
 p - a scroll of fear {unknown}
 s - a scroll of remove curse {unknown}
Potions
 d - a potion of might
 k - 3 potions of curing {unknown}
 o - a potion of resistance
Comestibles
 f - 2 bread rations
 g - 10 chunks of flesh
 h - 2 beef jerkies


   Skills:
 * Level 4.8 Fighting
 + Level 3.1 Maces & Flails
 * Level 5.4 Armour
 + Level 4.8 Shields


You had 4 spell levels left.
You didn't know any spells.

Dungeon Overview and Level Annotations

Branches:
Dungeon (3/15)

Altars:

Annotations:
D:3 Wanze's ghost, amateur OgBe


Innate Abilities, Weirdness & Mutations

You reflexively headbutt those who attack you in melee.
You have a pair of horns on your head.


Message History

Wanze's ghost is lightly damaged.
Wanze's ghost hits you!
You sock Wanze's ghost!
Wanze's ghost convulses.
Your headbutt misses Wanze's ghost.
Wanze's ghost is moderately damaged.
Wanze's ghost says, "Your head would complement my pike nicely."
Wanze's ghost closely misses you.
You hit Wanze's ghost but do no damage.
Wanze's ghost is moderately damaged.
Wanze's ghost hits you! You block Wanze's ghost's attack.
You barely miss Wanze's ghost.
Wanze's ghost is moderately damaged.
Wanze's ghost hits you!!
* * * LOW HITPOINT WARNING * * *
You are too injured to fight recklessly!
You are too injured to fight recklessly!
You hit Wanze's ghost.
Wanze's ghost convulses.
Wanze's ghost is moderately damaged.
Wanze's ghost hits you!!
You die...

.. #.....# ....< . ...#
###. ...o... #.(# ...
....... ###.(##.## ...b...
#........# .......
#........# ......o
#)[.@W...######## .....o.
#.)..............
.......###†..............
.......%)$..>...[......#
........##†............##
.........#..............###
.?........#..#####.........
......##...[.# #.....#####
.....# #...#.......#..#


You could see Wanze's ghost.

Vanquished Creatures
  A howler monkey (D:3)
  An orc wizard (D:3)
  5 adders (D:2)
  A dart slug (D:3)
  4 giant geckos
  8 orcs (D:3)
  13 bats
  2 giant cockroaches
  2 goblins
  6 hobgoblins
  4 jackals (D:3)
  5 kobolds
  3 ball pythons
  3 giant newts
  4 rats
62 creatures vanquished.

Notes
Turn   | Place    | Note
--------------------------------------------------------------
     0 | D:1      | Christof the Minotaur Fighter began the quest for the Orb.
     0 | D:1      | Reached XP level 1. HP: 19/19 MP: 0/0
   344 | D:1      | Reached XP level 2. HP: 26/27 MP: 1/1
   609 | D:1      | Reached skill level 4 in Armour
  1079 | D:2      | Reached XP level 3. HP: 29/33 MP: 2/2
  1348 | D:2      | Reached XP level 4. HP: 33/41 MP: 3/3
  2030 | D:3      | Reached skill level 5 in Armour
  2057 | D:3      | Reached XP level 5. HP: 30/47 MP: 4/4
  2140 | D:3      | Noticed Wanze's ghost (amateur OgBe)
  2147 | D:3      | HP: 2/47 [Wanze's ghost (19)]
  2148 | D:3      | Demolished by Wanze's ghost

Skill      XL: |  1  2  3  4 |
---------------+-------------+-----
Armour         | 4 5 |  5.4
Shields        | 4 |  4.8
Fighting       | 4 |  4.8
Maces & Flails | 3 |  3.1

Action                   |  1- 3 |  4- 6 || total
-------------------------+-------+-------++-------
Melee: Flail             |    33 |       ||    33
       Mace              |    51 |    81 ||   132
       Headbutt          |    10 |    10 ||    20
  Use: Potion            |       |     1 ||     1
  Eat: Chunk             |     1 |     3 ||     4
Armor: Scale mail        |    49 |    59 ||   108
Dodge: Dodged            |    24 |    33 ||    57
Block: Shield            |    44 |    51 ||    95
